 Dungeon Crawl Stone Soup version 0.20-a0-303-g575bbf7 (webtiles) character file.

74818 XO4YCPATb the Severer (level 15, -13/132 HPs)
             Began as a Gargoyle Berserker on Dec 16, 2016.
             Was the Champion of Trog.
             Mangled by an ettin (illusionary)
             ... wielding a +0 dire flail
              (27 damage)
             ... on level 1 of the Depths.
             The game lasted 00:39:26 (19474 turns).

XO4YCPATb the Severer (Gargoyle Berserker)         Turns: 19474, Time: 00:39:27

Health: -13/132    AC: 34    Str: 34    XL:     15   Next: 48%
Magic:  5/5        EV: 11    Int:  9    God:    Trog [******]
Gold:   947        SH: 17    Dex:  9    Spells: 14/14 levels left

rFire  . . .     SeeInvis +     w - +8 broad axe (antimagic)
rCold  + . .     Gourm    .     T - +7 scale mail "Buogufis" {Str+3 SInv}
rNeg   + . .     Faith    +     R - +2 shield
rPois  ∞         Spirit   .     X - +2 helmet {SInv}
rElec  +         Reflect  .     u - +0 cloak {MR+}
rCorr  .         Harm     .     Z - +0 pair of gloves
MR     ++...                    U - +1 pair of boots
Stlth  ..........               E - amulet of faith
                                Y - ring of protection from cold
                                i - ring of loudness (curse)

@: berserking, flying, very quick
A: big wings, negative energy resistance 1, electricity resistance, unbreathing,
petrification resistance, rot immunity, AC +11
a: Stop Flying, Berserk, Trog's Hand, Brothers in Arms, Burn Spellbooks,
Renounce Religion


You were on level 1 of the Depths.
You worshipped Trog.
Trog was exalted by your worship.
You were hungry.

You visited 2 branches of the dungeon, and saw 16 of its levels.

You collected 947 gold pieces.

Inventory:

Hand Weapons
 w - a +8 antimagic broad axe (weapon)
Armour
 u - a +0 cloak of magic resistance (worn)
 M - a +1 chain mail of positive energy
 R - a +2 shield (worn)
 T - the +7 scale mail "Buogufis" (worn) {Str+3 SInv}
   (You found it on level 13 of the Dungeon)

   It affects your strength (+3).
   It lets you see invisible.
 U - a +1 pair of boots (worn)
 X - a +2 helmet of see invisible (worn)
 Z - a +0 pair of gloves (worn)
Jewellery
 e - an uncursed ring of protection from magic
 i - a cursed ring of loudness (left hand)
 E - an amulet of faith (around neck)
 P - an uncursed ring of protection from fire
 Y - a ring of protection from cold (right hand)
Wands
 f - a wand of disintegration (0/24)
 n - a wand of acid (7/15)
 q - a wand of teleportation (4/9)
 v - a wand of paralysis (0/24)
 B - a wand of digging (7/24)
 D - a wand of flame (38/48)
 F - a wand of lightning (7/15)
 N - a wand of enslavement (8/24)
Scrolls
 d - 6 scrolls of noise
 l - 3 scrolls of magic mapping
 m - 4 scrolls of teleportation
 s - a scroll of fear
 x - 2 scrolls of recharging
 z - a scroll of torment
 I - a scroll of vulnerability
 J - a scroll of immolation
 K - a scroll of silence
 V - 2 scrolls of blinking {unknown}
Potions
 b - 5 potions of curing
 h - 2 potions of invisibility
 j - 4 potions of haste
 k - 5 potions of brilliance
 p - 4 potions of magic
 t - 4 potions of lignification
 Q - a potion of cancellation {unknown}
 S - a potion of might {unknown}
 W - 2 potions of agility {unknown}
Books
 a - a book of Maledictions

   Spells                             Type                      Level
   a - Corona                         Hexes                        1
   b - Ensorcelled Hibernation        Hexes/Ice                    2
   c - Confuse                        Hexes                        3
   d - Tukima's Dance                 Hexes                        3
   e - Dazzling Spray                 Conjuration/Hexes            3
   Trog disapproves of the use of such an item.
 y - a book of Clouds

   Spells                             Type                      Level
   a - Mephitic Cloud                 Conjuration/Poison/Air       3
   b - Conjure Flame                  Conjuration/Fire             3
   c - Poisonous Cloud                Conjuration/Poison/Air       5
   d - Freezing Cloud                 Conjuration/Ice/Air          6
   e - Ring of Flames                 Charms/Fire                  7
   Trog disapproves of the use of such an item.
 A - a book of Minor Magic

   Spells                             Type                      Level
   a - Magic Dart                     Conjuration                  1
   b - Blink                          Translocation                2
   c - Call Imp                       Summoning                    2
   d - Repel Missiles                 Charms/Air                   2
   e - Slow                           Hexes                        2
   f - Conjure Flame                  Conjuration/Fire             3
   g - Mephitic Cloud                 Conjuration/Poison/Air       3
   Trog disapproves of the use of such an item.
 G - a book of Changes

   Spells                             Type                      Level
   a - Beastly Appendage              Transmutation                1
   b - Sticks to Snakes               Transmutation                2
   c - Spider Form                    Transmutation/Poison         3
   d - Ice Form                       Ice/Transmutation            4
   e - Blade Hands                    Transmutation                5
   Trog disapproves of the use of such an item.
 H - a book of Necromancy

   Spells                             Type                      Level
   a - Pain                           Necromancy                   1
   b - Animate Skeleton               Necromancy                   1
   c - Vampiric Draining              Necromancy                   3
   d - Regeneration                   Charms/Necromancy            3
   e - Animate Dead                   Necromancy                   4
   f - Control Undead                 Necromancy                   4
   Trog disapproves of the use of such an item.
 L - a book of Minor Magic

   Spells                             Type                      Level
   a - Magic Dart                     Conjuration                  1
   b - Blink                          Translocation                2
   c - Call Imp                       Summoning                    2
   d - Repel Missiles                 Charms/Air                   2
   e - Slow                           Hexes                        2
   f - Conjure Flame                  Conjuration/Fire             3
   g - Mephitic Cloud                 Conjuration/Poison/Air       3
   Trog disapproves of the use of such an item.
 O - a book of Minor Magic

   Spells                             Type                      Level
   a - Magic Dart                     Conjuration                  1
   b - Blink                          Translocation                2
   c - Call Imp                       Summoning                    2
   d - Repel Missiles                 Charms/Air                   2
   e - Slow                           Hexes                        2
   f - Conjure Flame                  Conjuration/Fire             3
   g - Mephitic Cloud                 Conjuration/Poison/Air       3
   Trog disapproves of the use of such an item.
Comestibles
 c - 10 bread rations
 g - 7 meat rations
 o - 24 fruits
 r - 4 chunks of flesh
 C - 9 slices of pizza


   Skills:
 * Level 8.1 Fighting
 + Level 18.3 Axes
 * Level 7.3 Armour
 + Level 1.6 Dodging
 + Level 15.0 Shields


You had 14 spell levels left.
You didn't know any spells.

Dungeon Overview and Level Annotations

Branches:
Dungeon (15/15)            Temple (0/1) D:7            Lair (0/6) D:8
    Orc (0/2) D:10         Vaults (0/5) D:14         Depths (1/5) D:15

Altars:
Dithmenos
Elyvilon
Gozag
Hepliaklqana
Makhleb
Nemelex Xobeh
Sif Muna
Trog
Uskayaw
Vehumet
Xom
Zin

Shops:
D:5 [   D:13 ((   Depths:1 }=}

Portals:
Hell: Depths:1
Abyss: Depths:1
Trove: D:15 (give 19 scrolls of identify)

Annotations:
D:9 1 runed door


Innate Abilities, Weirdness & Mutations

You are resistant to torment.
Your stone body is resilient. (AC +11)
You are immune to poison.
Your large and strong wings let you fly indefinitely.
You resist negative energy. (rN+)
You are resistant to electric shocks. (rElec)
You can survive without breathing.
You are immune to petrification.
You are immune to rotting.


Message History

The rakshasa's magic leaks into the air.
The rakshasa is almost dead.
You slash the rakshasa!
The rakshasa's magic leaks into the air.
You barely miss the ettin. You block the ettin's attack. x2
You block the rakshasa's attack.
You miss the rakshasa.
The rakshasa is almost dead.
You barely miss the rakshasa. You slash the ettin! You slash the rakshasa!
The rakshasa's magic leaks into the air.
Unknown command.
You barely miss the rakshasa.
The rakshasa is almost dead.
You barely miss the rakshasa. You slash the ettin! You hit the rakshasa.
The rakshasa's magic leaks into the air.
The rakshasa hits you but does no damage.
The ettin hits you with a dire flail!!
* * * LOW HITPOINT WARNING * * *
The ettin hits you with a great mace!!
You die...

#### #§§≈≈≈§ #..# ### ....
#.≈§§§§ ...# ##.## .... #...≈§§
...# #...# ...... #....§§ ...#
##...# ....... #....§§
...####....### .......>.###....
.....##......#####........# ##...
.....#........##CR........# ##..
...)............@R........# #.§
≈.....##........R.........# ##§
≈....###.....≈≈≈..........# ##
..##.#........≈...........# #
...#.#........≈...........#
..........................# #####
#####.........≈....##########.)..
♣♣♣ ##....[....≈≈...######....#..
.P♣♣ #.........≈≈§....#.......#.#


You could see an ettin and 3 rakshasas.

Vanquished Creatures
  Nikola (Depths:1)
  Agnes (D:15)
  A fire giant (Depths:1)
  A frost giant (Depths:1)
  A stone giant (D:15)
  An ettin (Depths:1)
  An ice dragon (Depths:1)
  A fire dragon (Depths:1)
  2 great orbs of eyes (Depths:1)
  7 centaur warriors
  3 vault guards (D:14)
  A death knight (D:14)
  7 two-headed ogres
  An ogre mage (D:14)
  3 tengu warriors
  A deep troll earth mage (Depths:1)
  2 deep troll shamans (Depths:1)
  A vampire mage (Depths:1)
  A storm dragon zombie (D:15)
  Nergalle (D:10)
  Sonja (D:15)
  2 skeletal warriors (D:15)
  The ghost of holy777 the Black Sun, a novice DENe of Kikubaaqudgha (D:10)
  A salamander mystic (Depths:1)
  The ghost of nht the Cleaver, a novice MiCK of Xom (D:7)
  A death drake (shapeshifter) (Depths:1)
  6 deep trolls
  A glowing orange brain (Depths:1)
  2 flayed ghosts
  An unseen horror (D:10)
  A phantasmal warrior (D:14)
  A necromancer (D:15)
  2 orc knights (D:14)
  3 salamanders (Depths:1)
  2 deep elf magi
  2 manticores (D:11)
  14 ugly things
  A sphinx skeleton (D:15)
  A centaur zombie (D:13)
  2 gargoyles
  A centaur skeleton (D:15)
  A smoke demon (Depths:1)
  2 yaktaurs
  An efreet (D:13)
  A hellwing (Depths:1)
  The ghost of confidenceinterval the Cudgeler, an amateur OgBe of Trog (D:4)
  2 komodo dragons
  A tengu conjurer (D:14)
  4 freezing wraiths
  A red devil (Depths:1)
  4 trolls
  A harpy skeleton (D:15)
  A hornet (D:11)
  2 dream sheep (D:8)
  An ice dragon zombie (D:15)
  8 hippogriffs
  13 slime creatures
  A spriggan skeleton (D:15)
  3 shadows
  2 wyverns
  A vampire (D:15)
  15 yaks
  3 wraiths
  A human (D:14)
  A water elemental (Depths:1)
  Grum (D:8)
  2 hungry ghosts
  A basilisk (D:15)
  4 vampire mosquitoes
  An acid dragon (D:15)
  2 water moccasins
  8 sky beasts
  An eye of draining (D:15)
  10 orc warriors
  A black bear (D:12)
  5 necrophages
  2 phantoms
  4 ice beasts
  3 wolves (D:8)
  9 ogres
  10 centaurs
  A big kobold (shapeshifter) (Depths:1)
  16 bullfrogs
  3 big kobolds
  A wyvern zombie (D:7)
  A water moccasin zombie (D:6)
  2 scorpions
  12 killer bees
  10 wights
  4 howler monkeys
  11 crimson imps
  A bullfrog zombie (D:7)
  5 jellies
  A quasit (D:9)
  5 hounds
  6 orc priests
  15 orc wizards
  A bullfrog skeleton (D:4)
  Natasha (thrice) (D:3)
  15 worker ants
  A hound zombie (D:7)
  2 howler monkey zombies
  3 worker ant zombies
  5 gnolls
  10 adders
  7 shadow imps
  An adder skeleton (D:4)
  4 worms
  A dart slug (D:5)
  7 leopard geckos
  59 orcs
  2 ball pythons
  4 giant cockroaches
  6 goblins
  6 hobgoblins
  16 jackals
  3 kobolds
  7 quokkas
  5 bats
  4 frilled lizards
  A leopard gecko skeleton (D:5)
  9 rats
  3 plants (D:8)
499 creatures vanquished.

Vanquished Creatures (collateral kills)
  2 hydras
  Maurice (D:9)
  A slime creature (D:14)
  A hippogriff (D:12)
  3 yaks (D:12)
  An orc warrior (D:12)
  A big kobold (D:8)
  A jelly (D:12)
  An iguana (D:9)
12 creatures vanquished.

Vanquished Creatures (others)
  A gnoll sergeant (D:5)
  A gnoll shaman (D:5)
  A jackal (D:5)
  7 plants
  A withered plant (D:15)
11 creatures vanquished.

Grand Total: 522 creatures vanquished

Notes
Turn   | Place    | Note
-------+----------+-------------------------------------------
     0 | D:1      | XO4YCPATb the Gargoyle Berserker began the quest for the Orb.
     0 | D:1      | Reached XP level 1. HP: 14/14 MP: 1/1
   827 | D:2      | Reached skill level 3 in Axes
   829 | D:2      | Reached XP level 2. HP: 18/19 MP: 2/2
  1172 | D:2      | Reached XP level 3. HP: 20/23 MP: 3/3
  1516 | D:3      | Reached skill level 4 in Axes
  1516 | D:3      | Reached XP level 4. HP: 28/28 MP: 4/4
  1518 | D:3      | Reached ** piety under Trog
  1782 | D:3      | Noticed Natasha
  1795 | D:3      | Killed Natasha
  1795 | D:3      | Reached XP level 5. HP: 30/33 MP: 5/5
  2070 | D:3      | Noticed Natasha
  2077 | D:3      | Killed Natasha
  2081 | D:3      | Found a deep blue altar of Sif Muna.
  2403 | D:3      | Noticed Natasha
  2416 | D:3      | Killed Natasha
  2616 | D:4      | Reached XP level 6. HP: 36/39 MP: 6/6
  2707 | D:4      | Noticed confidenceinterval's ghost (amateur OgBe)
  2742 | D:4      | Reached skill level 5 in Axes
  2894 | D:4      | Killed confidenceinterval's ghost
  2894 | D:4      | Reached skill level 5 in Fighting
  2894 | D:4      | Reached XP level 7. HP: 44/44 MP: 7/7
  3016 | D:4      | Reached skill level 6 in Axes
  3214 | D:4      | Reached *** piety under Trog
  3540 | D:5      | Entered Level 5 of the Dungeon
  3582 | D:5      | Found Keowebumo's Armour Shop.
  3800 | D:5      | Found a shimmering altar of Xom.
  3807 | D:5      | Got a bloodstained leather armour
  3821 | D:5      | Identified the +2 leather armour of the Devil {rElec} (You found it on level 5 of the Dungeon)
  3861 | D:5      | Reached XP level 8. HP: 39/51 MP: 8/8
  4066 | D:5      | Found a radiant altar of Vehumet.
  4289 | D:5      | Reached skill level 5 in Armour
  4544 | D:5      | Reached skill level 7 in Axes
  5125 | D:6      | Found a white marble altar of Elyvilon.
  5312 | D:6      | Reached **** piety under Trog
  5489 | D:6      | Reached XP level 9. HP: 30/56 MP: 9/9
  5718 | D:6      | Reached skill level 8 in Axes
  5840 | D:7      | Found a staircase to the Ecumenical Temple.
  6307 | D:7      | Noticed nht's ghost (novice MiCK)
  6324 | D:7      | Killed nht's ghost
  6324 | D:7      | Reached skill level 9 in Axes
  6702 | D:7      | Found a hide-covered altar of Uskayaw.
  6714 | D:7      | Found a burning altar of Makhleb.
  6714 | D:7      | Found a sparkling altar of Nemelex Xobeh.
  6762 | D:8      | Noticed Grum
  6770 | D:8      | Reached XP level 10. HP: 64/64 MP: 10/10
  6773 | D:8      | Killed Grum
  6773 | D:8      | Reached skill level 10 in Axes
  7033 | D:8      | Reached ***** piety under Trog
  7087 | D:8      | Noticed a three-headed hydra
  7094 | D:8      | Killed a five-headed hydra
  7094 | D:8      | Reached skill level 11 in Axes
  7586 | D:8      | Received a gift from Trog
  7644 | D:8      | Found a staircase to the Lair.
  7655 | D:8      | Reached skill level 12 in Axes
  7982 | D:8      | Noticed a two-headed ogre
  7993 | D:8      | Killed a two-headed ogre
  7993 | D:8      | Reached XP level 11. HP: 68/68 MP: 11/11
  8070 | D:8      | Noticed a two-headed ogre
  8079 | D:8      | Killed a two-headed ogre
  8385 | D:9      | Found a hazy altar of Hepliaklqana.
  8396 | D:9      | Reached skill level 13 in Axes
  8440 | D:9      | Found a glowing silver altar of Zin.
  8558 | D:9      | Noticed Maurice
  8605 | D:9      | Killed Maurice
  8685 | D:9      | Found a shadowy altar of Dithmenos.
  8912 | D:9      | Found an opulent altar of Gozag.
  8962 | D:9      | Found a runed door.
  8962 | D:9      | Noticed a frost giant
  8962 | D:9      | Noticed a centaur warrior
  8962 | D:9      | Noticed a fire dragon
  8964 | D:9      | Noticed a four-headed hydra
  8964 | D:9      | Noticed a stone giant
  8964 | D:9      | Noticed a fire dragon
  8964 | D:9      | Noticed a harpy
  9219 | D:10     | Entered Level 10 of the Dungeon
  9252 | D:10     | Noticed holy777's ghost (novice DENe)
  9270 | D:10     | Killed holy777's ghost
  9324 | D:10     | Noticed Nergalle
  9332 | D:10     | Killed Nergalle
  9366 | D:10     | Received a gift from Trog
  9582 | D:10     | Killed an unseen horror
  9582 | D:10     | Reached skill level 14 in Axes
  9824 | D:10     | Found a staircase to the Orcish Mines.
  9950 | D:10     | Noticed a deep elf mage
  9954 | D:10     | Killed a deep elf mage
 10067 | D:11     | Noticed a manticore
 10079 | D:11     | Killed a manticore
 10267 | D:11     | Found a bloodstained altar of Trog.
 10368 | D:11     | Reached XP level 12. HP: 49/73 MP: 12/12
 11034 | D:11     | Noticed a two-headed ogre
 11039 | D:11     | Killed a two-headed ogre
 11039 | D:11     | Reached skill level 15 in Axes
 11543 | D:12     | Noticed a two-headed ogre
 11548 | D:12     | Killed a two-headed ogre
 11859 | D:12     | Noticed a two-headed ogre
 11866 | D:12     | Killed a two-headed ogre
 12282 | D:12     | Received a gift from Trog
 12296 | D:12     | Reached skill level 16 in Axes
 12383 | D:13     | Noticed a two-headed ogre
 12391 | D:13     | Noticed a centaur warrior
 12396 | D:12     | Killed a two-headed ogre
 12764 | D:13     | Killed a centaur warrior
 12778 | D:13     | Found Jokaabb's Antique Weapon Shop.
 12781 | D:13     | Got a polished scale mail
 12804 | D:13     | Identified the +7 scale mail "Buogufis" {Str+3 SInv} (You found it on level 13 of the Dungeon)
 13400 | D:13     | Found Jihuakhly's Antique Weapon Boutique.
 13461 | D:13     | Reached XP level 13. HP: 52/78 MP: 4/13
 13535 | D:13     | Reached skill level 17 in Axes
 13805 | D:14     | Noticed a vault guard
 14788 | D:14     | Noticed a vault guard
 14806 | D:14     | Killed a vault guard
 14806 | D:14     | Reached skill level 18 in Axes
 14815 | D:14     | Killed a vault guard
 14929 | D:14     | Found a gate to the Vaults.
 14930 | D:14     | Noticed a vault guard
 14941 | D:14     | Killed a vault guard
 15288 | D:14     | Received a gift from Trog
 15328 | D:14     | Found a sparkling altar of Nemelex Xobeh.
 15334 | D:14     | Reached skill level 1 in Shields
 15706 | D:15     | Entered Level 15 of the Dungeon
 16100 | D:15     | Reached skill level 5 in Shields
 16134 | D:15     | Noticed Sonja
 16139 | D:15     | Killed Sonja
 16139 | D:15     | Gained mutation: Your large and strong wings let you fly indefinitely. [Gargoyle growth]
 16139 | D:15     | Reached XP level 14. HP: 58/84 MP: 4/14
 17008 | D:15     | Reached ****** piety under Trog
 17013 | D:15     | Found a staircase to the Depths.
 17379 | D:15     | Received a gift from Trog
 17587 | D:15     | Found a portal to a secret trove of treasure.
 17629 | D:15     | Noticed Agnes
 17643 | D:15     | Killed Agnes
 17643 | D:15     | Reached skill level 10 in Shields
 17777 | Depths:1 | Entered Level 1 of the Depths
 17785 | Depths:1 | Noticed a fire giant
 17805 | Depths:1 | Killed a fire giant
 18374 | Depths:1 | Noticed a stone giant
 18397 | D:15     | Killed a stone giant
 18699 | Depths:1 | Reached XP level 15. HP: 82/88 MP: 5/15
 18830 | Depths:1 | Found a one-way gate to the infinite horrors of the Abyss.
 18856 | Depths:1 | Received a gift from Trog
 18884 | Depths:1 | Found a gateway to Hell.
 18968 | Depths:1 | Noticed Nikola
 18987 | Depths:1 | Killed Nikola
 19038 | Depths:1 | Found Qugu's Gadget Shop.
 19038 | Depths:1 | Found Ublosomujyt's Jewellery Shoppe.
 19039 | Depths:1 | Found Kimekus's Gadget Shop.
 19085 | Depths:1 | Noticed a frost giant
 19099 | Depths:1 | Killed a frost giant
 19326 | Depths:1 | Reached skill level 15 in Shields
 19474 | Depths:1 | Mangled by an ettin (illusionary)

Vault maps used:
D:1:      shiori_shiawase, serial_bayou_lagoon_b
D:3:      marbit_many_paths, uniq_natasha
D:5:      xom_confusion_cloud, lemuel_round_altar, serial_shops,
          nicolae_shop_crystal, first_bread, glass_columns_b
D:6:      elyvilon_altar_5, mrwooster_statue_mirror, minivault_24
D:7:      minitemple
D:8:      david_lair_shrubbed, hangedman_ranch, uniq_grum
D:9:      minmay_gate_of_8, kennysheep_little_box, lemuel_crystal_altar,
          overflow_temple_1_default, overflow_temple_1_default,
          serial_park_tiny_1, uniq_maurice
D:10:     orc_0_dummy, minmay_misc_feat_nine_boxes, corexii_leaking_fountain,
          uniq_nergalle
D:11:     bloody_trog
D:13:     serial_shops, shop, nicolae_shop_crystal, minmay_misc_feat_x,
          minivault_25
D:14:     grunt_vaults_entry_fortified, hangedman_abyss_or_decor_clamps,
          basic_altar
D:15:     gammafunk_depths_entry_grave, hangedman_abyss_or_decor_stabs,
          nicolae_trove_entry_crossroad, minmay_liquid_box, uniq_sonja,
          uniq_agnes
Depths:1: abyss_entry, minmay_crystal_water, hellmouth_1, evilmike_minifort,
          minmay_shop_grove, uniq_nikola

Skill      XL: |  1  2  3  4  5  6  7  8  9 10 11 12 13 14 15 |
---------------+----------------------------------------------+-----
Axes           | 3 4 5 6 7 9 12 14 16 18 | 18.3
Armour         | 3 4 6 7 |  7.3
Fighting       | 4 5 6 8 |  8.1
Shields        | 5 12 15 | 15.0
Dodging        | |  1.6

Action                   |  1- 3 |  4- 6 |  7- 9 | 10-12 | 13-15 || total
-------------------------+-------+-------+-------+-------+-------++-------
Melee: Hand axe          |    95 |   202 |   216 |       |       ||   513
       War axe           |       |       |   151 |       |       ||   151
       Battleaxe         |       |       |    40 |   623 |       ||   663
       Great mace        |       |       |       |    75 |       ||    75
       Broad axe         |       |       |       |    43 |   672 ||   715
Invok: Berserk           |     2 |     4 |     9 |    27 |    14 ||    56
       Brothers in Arms  |       |       |       |     4 |     1 ||     5
       Trog's Hand       |       |       |       |     1 |       ||     1
 Abil: Fly               |       |       |       |       |     1 ||     1
Evoke: Wand              |       |       |       |       |     2 ||     2
  Use: Scroll            |     3 |       |     3 |    15 |     4 ||    25
       Potion            |       |     2 |       |     2 |       ||     4
 Stab: Distracted        |       |       |       |     1 |     1 ||     2
       Paralysed         |       |       |       |       |     2 ||     2
  Eat: Chunk             |     3 |     8 |    15 |    49 |    24 ||    99
       Beef jerky        |       |       |     1 |     1 |       ||     2
       Meat ration       |       |       |     1 |       |     1 ||     2
       Fruit             |       |       |     1 |     1 |     1 ||     3
       Royal jelly       |       |       |       |       |     2 ||     2
Armor: Ring mail         |     9 |       |       |       |       ||     9
       Animal skin       |     3 |       |       |       |       ||     3
       Plate armour      |    49 |   134 |   254 |   461 |       ||   898
       Skin              |       |    18 |       |       |       ||    18
       Chain mail        |       |       |       |   238 |       ||   238
       Scale mail        |       |       |       |    24 |   323 ||   347
Dodge: Dodged            |    49 |    45 |   131 |   358 |   185 ||   768
Block: Shield            |       |       |       |       |   234 ||   234
